 Dungeon Crawl Stone Soup version 0.26-a0-490-gf8362a0c98 (webtiles) character file.

Game seed: 8095618772663167741

403 KristoblXynda the Sneak (level 6, -1/52 HPs)
             Began as a Naga Gladiator on Aug 4, 2020.
             Slain by a gnoll
             ... wielding a +0 spear
              (6 damage)
             ... on level 4 of the Dungeon.
             The game lasted 00:04:44 (3726 turns).

KristoblXynda the Sneak (Naga Gladiator)            Turns: 3726, Time: 00:04:46

Health: -1/52      AC: 12    Str: 18    XL:     6   Next: 86%
Magic:  6/6        EV:  8    Int:  8    God:
Gold:   165        SH:  0    Dex: 13    Spells: 5/5 levels left

rFire    . . .     SeeInvis +   a - +0 long sword
rCold    . . .     Faith    .   (no shield)
rNeg     . . .     Spirit   .   h - +0 ring mail
rPois    +         Reflect  .   v - +1 hat
rElec    .         Harm     .   w - +0 cloak
rCorr    .                      l - +0 pair of gloves
MR       .....                  o - +0 barding
Stlth    +++.......             (no amulet)
HPRegen  0.17/turn              m - ring of stealth
MPRegen  0.10/turn              (no ring)

@: very slow
A: large, see invisible, deformed body, poison resistance, slowness 2, spit
poison 1, AC +2
a: Spit Poison


You were on level 4 of the Dungeon.
You visited 1 branch of the dungeon, and saw 4 of its levels.

You collected 165 gold pieces.

Inventory:

Hand Weapons
 a - a +0 long sword (weapon)
Missiles
 d - 3 throwing nets (quivered)
Armour
 h - a +0 ring mail (worn)
 l - a +0 pair of gloves (worn)
 o - a +0 barding (worn)
 v - a +1 hat (worn)
 w - a +0 cloak (worn)
Jewellery
 m - a ring of stealth (left hand)
Wands
 g - a wand of random effects (11)
 x - a wand of digging (5)
Scrolls
 c - 3 scrolls of enchant armour {unknown}
 e - 3 scrolls of remove curse {unknown}
 i - 2 scrolls of magic mapping {unknown}
 j - a scroll of fear {unknown}
 q - a scroll of blinking {unknown}
 s - a scroll of teleportation {unknown}
Potions
 b - 3 potions of curing
 f - a potion of haste {unknown}
 k - 3 potions of mutation {unknown}
 n - a potion of berserk rage
 p - a potion of brilliance {unknown}
 r - 2 potions of heal wounds
 t - a potion of degeneration {unknown}
 u - 3 potions of flight


   Skills:
 - Level 2.1 Fighting
 + Level 4.5 Long Blades
 - Level 2.0 Throwing
 + Level 2.3 Armour
 + Level 3.7 Dodging
 + Level 4.8 Stealth


You had 5 spell levels left.
You didn't know any spells.
Your spell library was empty.

Dungeon Overview and Level Annotations

Branches:
Dungeon (4/15)             Temple (0/1) D:4

Altars:
Fedhas
Xom


Innate Abilities, Weirdness & Mutations

You cannot wear boots.
Your serpentine skin is tough. (AC +2)
You have supernaturally acute eyesight. (SInv)
Armour fits poorly on your strangely shaped body.
Your system is resistant to poisons. (rPois)
You cover ground very slowly.
You can spit poison.


Message History

You kill the gnoll shaman!
The gnoll hits you but does no damage. The gnoll closely misses you.
You have got your breath back.
The gnoll looks more healthy.
The gnoll hits you but does no damage. x2
Items here: )) ? [ ††.
You hit the gnoll but do no damage.
The gnoll is severely wounded.
The gnoll hits you but does no damage.
You hit the gnoll.
The gnoll is lightly wounded.
The gnoll hits you but does no damage. The gnoll hits you with a +0 whip.
The gnoll hits you with a +0 spear.
You hit the gnoll.
The gnoll is severely wounded.
The gnoll hits you with a +0 spear.
* * * LOW HITPOINT WARNING * * *
The gnoll hits you with a +0 whip.
* * * LOW HITPOINT WARNING * * *
The gnoll hits you with a +0 spear.
You die...

.......<# #.......# #.......#
#......# #. #......# #.
#..)...# #. #)# ## #.
#.#####g# #. ###. #.##..@g#
#.# #. #.... #.##.#####. #.#
#. ##.... #.##.#####.##.# #.
#......#...........#.# #.
#.....#.#..######.#.# #.
...........# #.#.# #.
#.#.#.###.##.######.#.# #.
#................>...########.
##.####...###.................


You could see 2 gnolls.

Vanquished Creatures
  Edmund (D:4)
  A scorpion (D:4)
  A howler monkey (D:4)
  A gnoll shaman (D:4)
  3 gnolls (D:4)
  6 adders
  An ufetubus (D:3)
  An ooze (D:3)
  3 worms
  A dart slug (D:3)
  A leopard gecko (D:1)
  An orc (D:3)
  A ball python (D:2)
  7 bats
  8 giant cockroaches
  8 goblins
  13 hobgoblins
  5 jackals
  A quokka (D:4)
  6 frilled lizards
  5 kobolds
  A leopard gecko skeleton (D:4)
  6 rats
82 creatures vanquished.

Notes
Turn   | Place    | Note
-------+----------+-------------------------------------------
     0 | D:1      | KristoblXynda the Naga Gladiator began the quest for the
                  | Orb.
     0 | D:1      | Reached XP level 1. HP: 19/19 MP: 1/1
   249 | D:1      | Reached XP level 2. HP: 17/26 MP: 2/2
   735 | D:1      | Reached skill level 1 in Stealth
   846 | D:1      | Reached XP level 3. HP: 32/32 MP: 3/3
  1492 | D:2      | Reached XP level 4. HP: 31/39 MP: 4/4
  1500 | D:2      | Reached skill level 1 in Armour
  1610 | D:2      | Found a blossoming altar of Fedhas.
  2327 | D:3      | Reached XP level 5. HP: 41/45 MP: 5/5
  2845 | D:3      | Found a shimmering altar of Xom.
  3021 | D:4      | Found a staircase to the Ecumenical Temple.
  3283 | D:4      | Noticed Edmund
  3305 | D:4      | Killed Edmund
  3305 | D:4      | Reached XP level 6. HP: 25/52 MP: 6/6
  3726 | D:4      | Slain by a gnoll

Illustrated notes

Levels and vault maps discovered:
D:1:      minmay_arrival_doors, layout_loops_cross, minivault_23,
          chequers_serial_rivers_room_b
D:2:      layout_rooms, fedhas_altar_fruit_tree
D:3:      layout_basic, marbit_many_paths
D:4:      layout_loops_ring, minmay_temple_entry_from_below_b, uniq_edmund

Skill      XL: |  1  2  3  4  5 |
---------------+----------------+-----
Throwing       | 2 |  2.0
Stealth        | 1 2 3 4 |  4.8
Armour         | 1 2 |  2.3
Dodging        | 3 |  3.7
Long Blades    | 4 |  4.5
Fighting       | |  2.1

Action                   |  1- 3 |  4- 6 || total
-------------------------+-------+-------++-------
Melee: Long sword        |   112 |   154 ||   266
 Abil: Spit Poison       |       |     5 ||     5
  Use: Scroll            |       |     4 ||     4
 Stab: Sleeping          |     3 |     2 ||     5
Armor: Leather armour    |    14 |       ||    14
       Ring mail         |    68 |    95 ||   163
Dodge: Dodged            |    66 |    85 ||   151
       Rpst.: Long sword |    20 |    29 ||    49

Table legend: (Time is in decaauts)
 A = Elapsed time spent in this place.
 B = Non-inter-level travel time spent in this place.
 C = Inter-level travel time spent in this place.
 D = Time resting spent in this place.
 E = Time spent auto-exploring this place.
 F = Levels seen in this place.
 G = Mean time per level.
                   A        B        C        D        E       F      G
               +--------+--------+--------+--------+--------+-----+--------+
         Total |   4687 |   4525 |    162 |    286 |   3236 |   4 | 1171.8 |
       Dungeon |   4687 |   4525 |    162 |    286 |   3236 |   4 | 1171.8 |
               +--------+--------+--------+--------+--------+-----+--------+

Top non-repeatable levels by time:
     D:1: 1426 daAuts
     D:3: 1206 daAuts
     D:2: 1142 daAuts
     D:4: 911 daAuts
